[Event "Titled Tuesday Blitz November 07 Early 2023"]
[White "Kozusek, Daniel"]
[Black "parintele_chess"]
[WhiteFideId "349500"]
[WhiteElo "2585"]
[BlackElo "2241"]
[Result "1-0"]
[Round "1"]
[TimeControl "180+1"]
[Date "2023.11.07"]
[WhiteClock "0:00:18"]
[BlackClock "0:00:00"]
[Board "207"]

1. d4 d5 2. c4 e6 3. Nf3 Nf6 4. Nc3 c5 5. cxd5 exd5 6. Bg5 Be7 7. dxc5 Nc6 8. e3 Be6 9. Bd3 Bxc5 10. O-O Be7 11. Rc1 O-O 12. Bb1 h6 13. Bf4 Rc8 14. Nd4 Qb6 15. Nxc6 bxc6 16. b3 Rfd8 17. Na4 Qa5 18. Be5 Nd7 19. Bc3 Bb4 20. Qd3 Bxc3 21. Qh7+ Kf8 22. Rxc3 Nf6 23. Qh8+ Ng8 24. Bh7 f6 25. Nc5 Bf7 26. Bxg8 Bxg8 27. Ne6+ Kf7 28. Nxd8+ Rxd8 29. Rxc6 Rd7 30. Rc8 Rd8 31. Rc6 Rd7 32. Rfc1 Qd2 33. h3 1-0


[Site "https://www.chess.com"]

[Event "Titled Tuesday Blitz November 07 Early 2023"]
[White "Witty_Alien"]
[Black "Predator0608"]
[WhiteElo "2238"]
[BlackElo "2582"]
[Result "1-0"]
[Round "1"]
[TimeControl "180+1"]
[Date "2023.11.07"]
[WhiteClock "0:00:05"]
[BlackClock "0:00:11"]
[Board "208"]

1. e4 c5 2. Nf3 d6 3. d4 cxd4 4. c3 Nf6 5. Bd3 dxc3 6. O-O g6 7. Re1 Bg7 8. Nxc3 O-O 9. Bg5 Nc6 10. Nd5 e6 11. Nxf6+ Bxf6 12. Bxf6 Qxf6 13. Bb5 Rd8 14. h4 Ne5 15. Nxe5 Qxe5 16. h5 Qxb5 17. h6 Qe5 18. Rc1 Qg5 19. Rc7 Qxh6 20. e5 d5 21. Qf3 Rd7 22. Rec1 Rxc7 23. Rxc7 Qf8 24. b4 b6 25. b5 Rb8 26. Rxa7 Bb7 27. Qe3 Qd8 28. a4 Qc7 29. Kh2 f6 30. f4 f5 31. Kg3 Ra8 32. Rxa8+ Bxa8 33. Kh4 Kg7 34. g4 Kf7 35. gxf5 gxf5 36. Qe2 Qe7+ 37. Kh5 Kf8 38. Qg2 Bb7 39. Qg1 Bc8 40. Qxb6 Qf7+ 41. Kh4 Bd7 42. Kg3 Qg6+ 43. Kf2 Qg4 44. Qd6+ Ke8 45. Qb8+ Kf7 46. b6 Qxf4+ 47. Kg1 Qxa4 48. Qc7 Qa1+ 49. Kh2 Qb2+ 50. Kg3 f4+ 51. Kxf4 Qf2+ 52. Kg4 Qf5+ 53. Kg3 Qd3+ 54. Kf2 Qd4+ 55. Kg3 Kg6 56. Qxd7 Qxe5+ 57. Kh4 Qh2+ 58. Kg4 Qe2+ 59. Kg3 Kf5 60. Qf7+ Ke4 61. b7 Qd3+ 62. Kf2 Qc2+ 63. Kg1 Qb1+ 64. Kh2 d4 65. Qxh7+ Ke3 66. Qxb1 d3 67. Qe1+ Kd4 68. b8=Q e5 69. Qexe5+ Kc4 70. Qbb5# 1-0


[Site "https://www.chess.com"]

[Event "Titled Tuesday Blitz November 07 Early 2023"]
[White "Sturt, Raven"]
[Black "Quirke, Jeffrey"]
[WhiteFideId "2007304"]
[BlackFideId "2013029"]
[WhiteElo "2581"]
[BlackElo "2236"]
[Result "1-0"]
[Round "1"]
[TimeControl "180+1"]
[Date "2023.11.07"]
[WhiteClock "0:00:04"]
[BlackClock "0:00:00"]
[Board "209"]

1. f4 c5 2. Nf3 g6 3. e4 Bg7 4. Nc3 Nc6 5. Bc4 e6 6. O-O Nge7 7. d3 O-O 8. e5 d5 9. exd6 Nf5 10. Ne4 Nxd6 11. Be3 b6 12. c3 Bb7 13. Nxd6 Qxd6 14. Qe2 Rad8 15. Rad1 Ne7 16. Ne5 Nc6 17. d4 cxd4 18. cxd4 Ne7 19. Bf2 Bd5 20. b3 Rc8 21. Rd2 Rfd8 22. Rfd1 Qc7 23. Bh4 Rf8 24. Ba6 Rcd8 25. Rc2 Qd6 26. h3 Nf5 27. Bxd8 Rxd8 28. Bc4 Ng3 29. Qe1 Ne4 30. Qe3 f5 31. Bxd5 exd5 32. Rc6 Qb4 33. Rdc1 Qa3 34. Rc8 Rf8 35. Rxf8+ Bxf8 36. Rc2 a5 37. Qc1 Qb4 38. Qe3 Qa3 39. Rc8 Qb4 40. Nd7 1-0


[Site "https://www.chess.com"]

[Event "Titled Tuesday Blitz November 07 Early 2023"]
[White "Shapiro, Viktor"]
[Black "Kiseljova, Marya"]
[WhiteFideId "4175700"]
[BlackFideId "4155009"]
[WhiteElo "2571"]
[BlackElo "2234"]
[Result "1-0"]
[Round "1"]
[TimeControl "180+1"]
[Date "2023.11.07"]
[WhiteClock "0:02:18"]
[BlackClock "0:01:30"]
[Board "211"]

1. c4 e5 2. Nc3 Bc5 3. g3 Nf6 4. Bg2 O-O 5. e3 Re8 6. Nge2 c6 7. O-O d5 8. cxd5 cxd5 9. d4 exd4 10. exd4 Bb4 11. Bg5 Bg4 12. h3 Bxc3 13. hxg4 Bxb2 14. Rb1 Ba3 15. Rxb7 Nbd7 16. Nf4 h6 17. Bxf6 Nxf6 18. Qb3 Bf8 19. Nxd5 Nxg4 20. Nc7 Qxd4 21. Nxe8 Rxe8 22. Qxf7+ Kh8 23. Qxe8 1-0


[Site "https://www.chess.com"]

[Event "Titled Tuesday Blitz November 07 Early 2023"]
[White "le-castor-faineant"]
[Black "Jaskolka, Tomasz"]
[BlackFideId "1170791"]
[WhiteElo "2230"]
[BlackElo "2571"]
[Result "0-1"]
[Round "1"]
[TimeControl "180+1"]
[Date "2023.11.07"]
[WhiteClock "0:00:44"]
[BlackClock "0:00:58"]
[Board "212"]

1. e4 c5 2. Nf3 e6 3. c4 Nc6 4. Nc3 Nd4 5. d3 g6 6. Be3 Bg7 7. Rb1 Ne7 8. Ne2 Nxf3+ 9. gxf3 Qa5+ 10. Bd2 Qxa2 11. d4 cxd4 12. c5 Nc6 13. Nc1 Qxb1 14. Qb3 Qa1 15. Be2 d3 16. Bxd3 Nd4 17. Qd1 Qxb2 18. O-O Qxd2 0-1


[Site "https://www.chess.com"]

[Event "Titled Tuesday Blitz November 07 Early 2023"]
[White "Gontcharov, Vladislav"]
[Black "Sarkar, Justin"]
[WhiteFideId "4123492"]
[BlackFideId "2010011"]
[WhiteElo "2571"]
[BlackElo "2222"]
[Result "1-0"]
[Round "1"]
[TimeControl "180+1"]
[Date "2023.11.07"]
[WhiteClock "0:00:18"]
[BlackClock "0:00:00"]
[Board "213"]

1. d4 d5 2. c4 e6 3. Nc3 Nf6 4. cxd5 exd5 5. Bg5 Be7 6. e3 O-O 7. Bd3 Nbd7 8. Nge2 c6 9. O-O Nh5 10. Bxe7 Qxe7 11. Qb1 g6 12. b4 Ndf6 13. b5 c5 14. dxc5 Qxc5 15. Rc1 Qe7 16. h3 Ng7 17. Nd4 Ne6 18. Nce2 Bd7 19. Qb2 Rac8 20. a4 Rxc1+ 21. Rxc1 Rc8 22. Rxc8+ Bxc8 23. a5 Nc5 24. Qc3 Bd7 25. Nf4 Qd6 26. Bf1 Nfe4 27. Qb2 Ne6 28. Nde2 N4c5 29. Nxe6 Bxe6 30. Nf4 b6 31. axb6 axb6 32. h4 Ne4 33. h5 g5 34. h6 f6 35. Nh5 Kf7 36. f3 1-0


[Site "https://www.chess.com"]

[Event "Titled Tuesday Blitz November 07 Early 2023"]
[White "Rodriguez Dominguez, Melissa"]
[Black "The_Sherman_Variation"]
[WhiteFideId "3517560"]
[WhiteElo "2222"]
[BlackElo "2566"]
[Result "0-1"]
[Round "1"]
[TimeControl "180+1"]
[Date "2023.11.07"]
[WhiteClock "0:00:15"]
[BlackClock "0:01:22"]
[Board "214"]

1. e4 e6 2. d4 d5 3. Nd2 c5 4. exd5 Qxd5 5. Ngf3 cxd4 6. Bc4 Qd6 7. Nb3 Qb4+ 8. Nbd2 Nc6 9. O-O Nf6 10. a3 Qd6 11. Nb3 Be7 12. Nfxd4 Nxd4 13. Nxd4 O-O 14. b4 a5 15. b5 Qc7 16. Bd3 Rd8 17. Nf3 b6 18. Bb2 Bb7 19. Qe2 Rac8 20. Ng5 h6 21. Nxf7 Kxf7 22. Rfe1 Qd6 23. Be5 Qd5 24. f3 Rc5 25. Rad1 Qxe5 26. Qxe5 Rxe5 27. Rxe5 Bxa3 28. Rde1 Rd6 29. f4 Bc5+ 30. Kh1 Ng4 31. h3 Nxe5 32. fxe5 Rd4 0-1


[Site "https://www.chess.com"]

[Event "Titled Tuesday Blitz November 07 Early 2023"]
[White "Vestby-Ellingsen, Mads"]
[Black "Chemin, Justo Reinaldo"]
[WhiteFideId "1520857"]
[BlackFideId "2101580"]
[WhiteElo "2565"]
[BlackElo "2214"]
[Result "1-0"]
[Round "1"]
[TimeControl "180+1"]
[Date "2023.11.07"]
[WhiteClock "0:01:22"]
[BlackClock "0:00:16"]
[Board "215"]

1. e4 e6 2. d4 d5 3. Nc3 Bb4 4. e5 c5 5. Bd2 Bxc3 6. Bxc3 cxd4 7. Bxd4 Nc6 8. f4 Nxd4 9. Qxd4 Ne7 10. Bd3 Qb6 11. Qxb6 axb6 12. Nf3 Nc6 13. Ke2 Bd7 14. a3 Ke7 15. Rac1 h6 16. h4 f6 17. Ke3 Rhf8 18. g4 fxe5 19. fxe5 Rxf3+ 20. Kxf3 Nxe5+ 21. Kg3 Nc6 22. Rhe1 e5 23. Bb5 Kd6 24. Rcd1 Re8 25. Rd2 e4 26. c4 e3 27. Rxd5+ Kc7 28. Rd3 e2 29. Rd2 Ne5 30. Bxd7 Nxd7 31. Rexe2 Rf8 32. Re7 Rd8 1-0


[Site "https://www.chess.com"]

[Event "Titled Tuesday Blitz November 07 Early 2023"]
[White "jimmy-schlumpf"]
[Black "Soham Kamotra"]
[BlackFideId "46647490"]
[WhiteElo "2214"]
[BlackElo "2565"]
[Result "0-1"]
[Round "1"]
[TimeControl "180+1"]
[Date "2023.11.07"]
[WhiteClock "0:00:00"]
[BlackClock "0:00:26"]
[Board "216"]

1. d4 Nf6 2. Nf3 b6 3. g3 Bb7 4. Bg2 c5 5. c4 cxd4 6. Qxd4 e6 7. O-O d6 8. Nc3 a6 9. b3 Nbd7 10. Rd1 Qc7 11. e4 Be7 12. Ba3 Nc5 13. e5 dxe5 14. Qxe5 Rc8 15. Qxc7 Rxc7 16. Ne5 Bxg2 17. Kxg2 Ncd7 18. Bxe7 Kxe7 19. Nxd7 Nxd7 20. Rac1 Rhc8 21. Ne4 Nc5 22. Nxc5 bxc5 23. Rd3 Rd7 24. Rcd1 Rxd3 25. Rxd3 a5 26. f4 Rd8 27. Rxd8 Kxd8 28. Kf3 Kd7 29. Ke4 Kd6 30. g4 f6 31. h3 g6 32. a3 f5+ 33. gxf5 gxf5+ 34. Ke3 e5 35. Kf3 exf4 36. Kxf4 Ke6 37. h4 h6 38. h5 Kf6 39. Ke3 Ke5 0-1


[Site "https://www.chess.com"]

[Event "Titled Tuesday Blitz November 07 Early 2023"]
[White "brm72"]
[Black "Skuhala, Barbara"]
[BlackFideId "14605465"]
[WhiteElo "2565"]
[BlackElo "2209"]
[Result "0-1"]
[Round "1"]
[TimeControl "180+1"]
[Date "2023.11.07"]
[WhiteClock "0:00:00"]
[BlackClock "0:01:08"]
[Board "217"]

1. e4 c5 2. Nf3 d6 3. d4 cxd4 4. Nxd4 Nf6 5. Nc3 a6 6. Be2 e5 7. Nb3 Be7 8. O-O Be6 9. Re1 O-O 10. Bf3 Nbd7 11. a4 Rc8 12. a5 Qc7 13. Be3 Rfd8 14. h3 Nc5 15. Bxc5 dxc5 16. Nd2 c4 17. Qe2 Rd7 18. Nf1 Rcd8 19. Red1 Bb4 20. Nd5 Bxd5 21. exd5 Nxd5 22. Bxd5 Rxd5 23. Ne3 Rxd1+ 24. Rxd1 Rxd1+ 25. Qxd1 Bxa5 26. Qd5 c3 27. b3 Bb6 28. Nc4 Bd4 29. Kf1 g6 30. f4 b5 31. Nd6 Qe7 32. Ne4 Kg7 33. fxe5 Bxe5 34. Kg1 h6 35. Nf2 Bf6 36. Ng4 h5 37. Nf2 Qe1+ 0-1


[Site "https://www.chess.com"]

[Event "Titled Tuesday Blitz November 07 Early 2023"]
[White "TheAlienParty"]
[Black "Bagrationi, Alexander"]
[BlackFideId "14104954"]
[WhiteElo "2197"]
[BlackElo "2564"]
[Result "0-1"]
[Round "1"]
[TimeControl "180+1"]
[Date "2023.11.07"]
[WhiteClock "0:00:00"]
[BlackClock "0:01:24"]
[Board "218"]

1. c4 e5 2. Nc3 f5 3. g3 Nf6 4. Nf3 Nc6 5. d4 e4 6. Nh4 g6 7. Bg5 Bg7 8. e3 O-O 9. Ng2 h6 10. Bxf6 Qxf6 11. Nf4 Qf7 12. h4 Ne7 13. b3 c6 14. Rc1 d6 15. Be2 Bd7 16. Rc2 Kh7 17. g4 fxg4 18. Bxg4 Bxg4 19. Qxg4 Bxd4 20. Nxe4 Be5 21. Nh3 Qf5 22. Qxf5 gxf5 23. Nd2 f4 24. exf4 Bxf4 25. Nxf4 Rxf4 26. Rc3 Nf5 27. Rd3 Re8+ 28. Kf1 Re6 29. Nf3 Rf6 30. h5 Ng7 31. Ke2 R4f5 32. Rh2 Nxh5 33. Nd4 Nf4+ 34. Ke3 Re5+ 35. Kd2 Nxd3 36. Kxd3 c5 37. Nb5 a6 38. Nc3 Rf3+ 39. Kd2 h5 40. Nd5 b5 41. Ne3 Rf4 42. Kd3 Rd4+ 43. Kc2 h4 44. Rh3 Kh6 45. Kc3 b4+ 46. Kc2 Kg5 47. Rh2 a5 48. Rg2+ Kh5 49. Rg8 Rf4 50. Rh8+ Kg6 51. Kd1 Rxf2 52. Ng4 Rxa2 53. Nxe5+ dxe5 54. Rxh4 Kf5 55. Rh8 Rb2 56. Rc8 Rxb3 57. Rxc5 a4 58. Ra5 a3 59. Kc2 Rc3+ 60. Kd2 Rxc4 61. Ra4 Rd4+ 62. Kc2 b3+ 0-1


[Site "https://www.chess.com"]

[Event "Titled Tuesday Blitz November 07 Early 2023"]
[White "Cervantes Landeiro, Thalia"]
[Black "Hartikainen, Jarmo"]
[WhiteFideId "3520498"]
[BlackFideId "503134"]
[WhiteElo "2563"]
[BlackElo "2194"]
[Result "1-0"]
[Round "1"]
[TimeControl "180+1"]
[Date "2023.11.07"]
[WhiteClock "0:00:29"]
[BlackClock "0:00:10"]
[Board "219"]

1. d4 d5 2. c4 c5 3. cxd5 Qxd5 4. e3 cxd4 5. exd4 Nc6 6. Nf3 Bg4 7. Be3 e6 8. Nc3 Qa5 9. Be2 Nf6 10. O-O Be7 11. h3 Bh5 12. Qb3 Qb4 13. Qc2 O-O 14. a3 Qd6 15. Rad1 Rac8 16. Qb1 a6 17. Bg5 b5 18. Rfe1 Bxf3 19. Bxf3 Nxd4 20. Bb7 Rcd8 21. Be4 Nxe4 22. Nxe4 Qc7 23. Rc1 Qa7 24. Be3 e5 25. b4 f5 26. Nc5 Qb6 27. Bxd4 Rxd4 28. Rxe5 Bf6 29. Rxf5 Qd6 30. Re1 Rd8 31. Qb3+ Kh8 32. Qe3 Rd1 33. Rf3 Rxe1+ 34. Qxe1 Qd1 35. Re3 Qxe1+ 36. Rxe1 h6 37. Re6 Rd1+ 38. Kh2 Ra1 39. Rxa6 Be5+ 40. g3 Bb2 41. Rb6 Rxa3 42. Rxb5 Bc3 43. Rb8+ Kh7 44. b5 Ra5 45. Ne4 Bd4 46. Kg2 Ra2 47. h4 Rb2 48. Kf3 Kg6 49. g4 Kf7 50. Rb7+ Ke6 51. g5 hxg5 52. hxg5 Kf5 53. Nd6+ Ke5 54. Nc4+ Kd5 55. Nxb2 Bxb2 56. b6 Bd4 57. Rb8 Kc6 58. b7 Kc7 59. Rd8 Kxb7 60. Rxd4 Kc6 61. Rf4 Kd6 62. Kg4 Ke6 63. f3 Ke5 64. Rf5+ Ke6 65. g6 Ke7 66. Kg5 Ke6 67. Rf7 Kd6 68. Rxg7 Ke6 69. Rf7 Ke5 70. g7 Ke6 71. g8=Q Ke5 72. Qe8+ Kd6 73. Rd7+ Kc6 74. Qc8+ Kb6 75. Rb7+ Ka6 76. Qa8# 1-0


[Site "https://www.chess.com"]

[Event "Titled Tuesday Blitz November 07 Early 2023"]
[White "Adel, Sara"]
[Black "Jia, Haoxiang"]
[WhiteFideId "10616764"]
[BlackFideId "8602999"]
[WhiteElo "2193"]
[BlackElo "2563"]
[Result "0-1"]
[Round "1"]
[TimeControl "180+1"]
[Date "2023.11.07"]
[WhiteClock "0:00:23"]
[BlackClock "0:00:43"]
[Board "220"]

1. e4 c5 2. Nf3 d6 3. d4 cxd4 4. Nxd4 Nf6 5. Nc3 g6 6. Be3 Bg7 7. f3 O-O 8. Qd2 Nc6 9. g4 Be6 10. Nxe6 fxe6 11. Bc4 d5 12. g5 dxc4 13. Qxd8 Raxd8 14. gxf6 exf6 15. Ke2 f5 16. Bc5 Rf7 17. Rhd1 Rfd7 18. Nb5 Bxb2 19. Rxd7 Rxd7 20. Rb1 c3 21. Rd1 Rxd1 22. Kxd1 a6 23. Nc7 Kf7 24. exf5 exf5 25. f4 h6 26. Nd5 g5 27. h3 Nd8 28. Bb4 Ne6 29. fxg5 hxg5 30. Ke2 Kg6 31. a4 f4 32. a5 Kf5 33. Ne7+ Ke4 34. Nc8 Nd4+ 35. Kf2 Nxc2 36. Be7 Ne3 37. Nd6+ Kd3 38. Bxg5 c2 39. Bxf4 c1=Q 0-1


[Site "https://www.chess.com"]

[Event "Titled Tuesday Blitz November 07 Early 2023"]
[White "Roebers, Eline"]
[Black "Floresvillar Gonzalez, Luis Migu"]
[WhiteFideId "1058401"]
[BlackFideId "5100542"]
[WhiteElo "2559"]
[BlackElo "2190"]
[Result "1-0"]
[Round "1"]
[TimeControl "180+1"]
[Date "2023.11.07"]
[WhiteClock "0:00:20"]
[BlackClock "0:00:00"]
[Board "221"]

1. e4 c6 2. Nf3 d5 3. Nc3 Bg4 4. h3 Bxf3 5. Qxf3 e6 6. d4 dxe4 7. Nxe4 Nd7 8. Bg5 Ngf6 9. O-O-O Be7 10. Nxf6+ Bxf6 11. Be3 Bg5 12. Kb1 Bxe3 13. fxe3 Qf6 14. Qg3 O-O 15. Bd3 g6 16. Rhf1 Qe7 17. Rf4 e5 18. Rh4 Rae8 19. a3 b5 20. d5 cxd5 21. Bxb5 Rb8 22. Rxd5 Nb6 23. Rxe5 Qd6 24. Rd4 Qc7 25. Rg5 Qe7 26. Qe5 Qb7 27. Qe4 Qc7 28. h4 Nc8 29. h5 Nd6 30. Qd3 Nxb5 31. Rxb5 Rxb5 32. Qxb5 Rb8 33. Qd3 Qh2 34. hxg6 hxg6 35. Rd8+ Rxd8 36. Qxd8+ Kg7 37. Qd4+ Kg8 38. g4 Qg1+ 39. Ka2 Qg2 40. c4 a5 41. c5 Qc6 42. Qd6 Qa4 43. Qd4 Qc6 44. b4 axb4 45. axb4 Qa4+ 46. Kb2 Qc6 47. Kb3 Qe6+ 48. Kc3 Qc6 49. e4 Qa4 50. Kc4 Qa2+ 51. Kb5 Qe2+ 52. Kb6 Qxg4 53. c6 Qe6 54. Kb7 Qe8 55. b5 Kh7 56. b6 g5 57. c7 Qe7 58. Kb8 1-0


[Site "https://www.chess.com"]

[Event "Titled Tuesday Blitz November 07 Early 2023"]
[White "vaniavindy"]
[Black "Lymar, Vladislav"]
[BlackFideId "14162180"]
[WhiteElo "2183"]
[BlackElo "2558"]
[Result "0-1"]
[Round "1"]
[TimeControl "180+1"]
[Date "2023.11.07"]
[WhiteClock "0:00:00"]
[BlackClock "0:00:09"]
[Board "222"]

1. d4 d6 2. c4 e5 3. dxe5 dxe5 4. Qxd8+ Kxd8 5. Nc3 Nf6 6. Bg5 Bb4 7. Bxf6+ gxf6 8. O-O-O+ Nd7 9. Nd5 Bc5 10. Nxf6 Bxf2 11. Nf3 Ke7 12. Nd5+ Kf8 13. Nxc7 Rb8 14. g3 f6 15. Bh3 Nc5 16. Rd8+ Kg7 17. Rxh8 Kxh8 18. Bg2 Bf5 19. Nh4 Be3+ 20. Kd1 Rd8+ 21. Nd5 Be6 22. Kc2 Bg5 23. b4 Nd7 24. Nf3 Bh6 25. Rd1 Rc8 26. Kb3 Kg7 27. e4 a5 28. a3 Kf7 29. Rf1 a4+ 30. Kxa4 Bxd5 31. exd5 Rxc4 32. Kb3 Rc8 33. Bh3 Ke7 34. d6+ Kd8 35. Nh4 Bg5 36. Nf5 Rc1 37. Rf2 Nb6 38. Ne7 Rd1 39. Nf5 Nd5 40. Rc2 Rc1 41. Rxc1 Bxc1 42. Kc2 Bxa3 43. b5 Nb6 44. Bg2 Nc4 45. Kb3 Nxd6 46. Ng7 Bc5 47. Ne6+ Ke7 48. Nxc5 b6 49. Nd3 Nxb5 50. Nb4 Nd4+ 51. Kc4 Kd6 52. Nd5 Nf5 53. Kb5 Ke6 54. Nc7+ Kd6 55. Kxb6 Nd4 56. Nd5 f5 57. Nf6 e4 58. Nxh7 e3 59. Bf1 e2 60. Bxe2 Nxe2 61. Ng5 Ng1 62. h4 Ke5 63. h5 Ne2 64. h6 Kf6 65. Ne6 Kg6 66. Nf4+ Nxf4 67. gxf4 Kxh6 68. Kc5 Kh5 69. Kd4 Kh4 70. Ke5 Kg4 71. Kd4 Kxf4 72. Kd3 Kg3 73. Kd2 f4 74. Ke1 Kg2 75. Ke2 f3+ 76. Kd3 f2 77. Ke4 f1=Q 0-1


[Site "https://www.chess.com"]

[Event "Titled Tuesday Blitz November 07 Early 2023"]
[White "Czopor, Maciej"]
[Black "kingapolak"]
[WhiteFideId "21805431"]
[WhiteElo "2558"]
[BlackElo "2173"]
[Result "1-0"]
[Round "1"]
[TimeControl "180+1"]
[Date "2023.11.07"]
[WhiteClock "0:00:33"]
[BlackClock "0:00:44"]
[Board "223"]

1. c4 Nf6 2. Nc3 g6 3. e4 d6 4. h4 h5 5. Nf3 Bg7 6. Ng5 c5 7. d3 Nc6 8. g3 Nd4 9. Bg2 Bg4 10. f3 Bd7 11. Be3 Qb6 12. Rb1 e6 13. O-O Nh7 14. Nxh7 Rxh7 15. a3 a5 16. Kh2 Kf8 17. f4 Kg8 18. f5 exf5 19. exf5 Nxf5 20. Nd5 Qd8 21. Bg5 f6 22. Bf4 Bc6 23. Re1 Qd7 24. Nb6 Qd8 25. Nxa8 Qxa8 26. Bxc6 bxc6 27. Qe2 Bf8 28. Qe8 Rf7 29. Qxa8 1-0


[Site "https://www.chess.com"]

[Event "Titled Tuesday Blitz November 07 Early 2023"]
[White "Vila Dupla, Aurelio"]
[Black "OPQRC"]
[WhiteFideId "2203383"]
[WhiteElo "2170"]
[BlackElo "2550"]
[Result "0-1"]
[Round "1"]
[TimeControl "180+1"]
[Date "2023.11.07"]
[WhiteClock "0:00:04"]
[BlackClock "0:00:06"]
[Board "224"]

1. Nf3 Nf6 2. d4 g6 3. g3 Bg7 4. Bg2 O-O 5. O-O d6 6. c4 Nbd7 7. Nc3 e5 8. h3 c6 9. e4 Qa5 10. Re1 exd4 11. Nxd4 Ne5 12. Nb3 Qc7 13. Qe2 Be6 14. Nd2 a6 15. f4 Ned7 16. Nf3 b5 17. cxb5 axb5 18. Bd2 b4 19. Nd1 c5 20. a3 Nb6 21. Nf2 Bc4 22. Qd1 bxa3 23. Rxa3 Rxa3 24. bxa3 Re8 25. e5 dxe5 26. Nxe5 Bd5 27. Ba5 Bxg2 28. Kxg2 Qb7+ 29. Kh2 Nbd5 30. Qc2 h5 31. Bc3 Nxc3 32. Qxc3 h4 33. gxh4 Nh5 34. Nfg4 Nxf4 35. Qxc5 Qg2# 0-1


[Site "https://www.chess.com"]

[Event "Titled Tuesday Blitz November 07 Early 2023"]
[White "Skuhala, Jernej"]
[Black "Skibbe, Willi"]
[WhiteFideId "14605651"]
[BlackFideId "4682190"]
[WhiteElo "2549"]
[BlackElo "2165"]
[Result "1-0"]
[Round "1"]
[TimeControl "180+1"]
[Date "2023.11.07"]
[WhiteClock "0:01:51"]
[BlackClock "0:00:40"]
[Board "225"]

1. e4 e6 2. Nc3 d5 3. d4 Nf6 4. e5 Nfd7 5. Nce2 c5 6. c3 Nc6 7. Nf3 b5 8. Nf4 b4 9. h4 a5 10. Bb5 Qb6 11. Qa4 Bb7 12. Be3 c4 13. O-O Be7 14. Ng5 Bxg5 15. hxg5 g6 16. g3 Ke7 17. Kg2 Qc7 18. Qc2 Nb6 19. Qd2 Na7 20. cxb4 Nxb5 21. bxa5 c3 22. axb6 Qxb6 23. bxc3 Rhc8 24. Ne2 Na3 25. Nc1 Qa5 26. Ne2 Ba6 27. Rfc1 Bxe2 28. Qxe2 Nc4 29. Qf3 Kf8 30. Qf6 Kg8 31. Rh1 Qd8 32. Qf3 Ra3 33. Rxh7 Kxh7 34. Qxf7+ Kh8 35. Rh1# 1-0


[Site "https://www.chess.com"]

[Event "Titled Tuesday Blitz November 07 Early 2023"]
[White "Fudalej, Michal"]
[Black "Iskusnyh, Sergei"]
[WhiteFideId "1118781"]
[BlackFideId "4120027"]
[WhiteElo "2160"]
[BlackElo "2548"]
[Result "0-1"]
[Round "1"]
[TimeControl "180+1"]
[Date "2023.11.07"]
[WhiteClock "0:00:16"]
[BlackClock "0:00:41"]
[Board "226"]

1. Nf3 d5 2. g3 Nf6 3. Bg2 c6 4. b3 Bf5 5. Bb2 h6 6. d3 e6 7. Nbd2 Be7 8. O-O O-O 9. Qe1 a5 10. a3 Na6 11. e4 Bh7 12. Qe2 Re8 13. Ne5 Nd7 14. Ndf3 Bf6 15. Rab1 Nac5 16. Nxd7 Nxd7 17. Bxf6 Qxf6 18. e5 Qe7 19. Nd4 Qxa3 20. f4 Qc5 21. Qf2 Qa7 22. g4 Qb6 23. Rbe1 a4 24. bxa4 Rxa4 25. c3 Qa7 26. Kh1 Bxd3 27. Rg1 Nc5 28. f5 Ne4 29. Qe3 Ra2 30. h3 Qb8 31. Nf3 Nf2+ 32. Kh2 Be4 33. Qf4 Nd3 34. Qg3 Nxe1 35. Rxe1 Bxf3 36. Qxf3 exf5 37. Qxf5 Qc7 38. Kh1 Qe7 39. Rf1 Rea8 40. Bf3 Ra1 41. Be2 Rxf1+ 42. Bxf1 Qg5 43. Qd7 Qxe5 44. Qxb7 Ra1 45. Qc8+ Kh7 0-1


[Site "https://www.chess.com"]

[Event "Titled Tuesday Blitz November 07 Early 2023"]
[White "Goltseva, Ekaterina"]
[Black "knightinshiningarmour16"]
[WhiteFideId "24173770"]
[WhiteElo "2547"]
[BlackElo "2158"]
[Result "1-0"]
[Round "1"]
[TimeControl "180+1"]
[Date "2023.11.07"]
[WhiteClock "0:00:21"]
[BlackClock "0:00:19"]
[Board "227"]

1. d3 b6 2. Nf3 Bb7 3. g3 e6 4. Bg2 Nf6 5. O-O Be7 6. c4 O-O 7. b3 c5 8. Bb2 Nc6 9. e4 d5 10. cxd5 exd5 11. Nbd2 Ba6 12. exd5 Nxd5 13. Nc4 Bf6 14. d4 Rc8 15. dxc5 bxc5 16. Bxf6 Nxf6 17. Qxd8 Rfxd8 18. Rfd1 Nd4 19. Nfe5 h6 20. Ne3 Ne2+ 21. Kh1 Nc3 22. Rdc1 Nce4 23. Rc2 Bd3 24. Nxd3 Rxd3 25. Rac1 Rcd8 26. Bf3 Rd2 27. Nc4 Nxf2+ 28. Kg2 Rxc2 29. Rxc2 N2g4 30. h3 h5 31. hxg4 hxg4 32. Bc6 Rc8 33. Bb7 Rc7 34. Na5 Ne8 35. b4 Nd6 36. Bd5 Nf5 37. Kf2 Ne7 38. Bg2 c4 39. Rxc4 Rd7 40. Rc2 Nf5 41. Nc6 g6 42. b5 Nd6 43. a4 Nb7 44. a5 Kg7 45. b6 axb6 46. a6 Nc5 47. a7 Rd8 48. Nxd8 1-0


[Site "https://www.chess.com"]

[Event "Titled Tuesday Blitz November 07 Early 2023"]
[White "Petersson, Kjell"]
[Black "Shukhman, Anna"]
[WhiteFideId "1705148"]
[BlackFideId "54180058"]
[WhiteElo "2152"]
[BlackElo "2545"]
[Result "0-1"]
[Round "1"]
[TimeControl "180+1"]
[Date "2023.11.07"]
[WhiteClock "0:00:00"]
[BlackClock "0:01:13"]
[Board "228"]

1. d4 Nf6 2. Bf4 g6 3. Nc3 Bg7 4. e4 d6 5. Qd2 c6 6. O-O-O b5 7. Bd3 b4 8. Nce2 e5 9. dxe5 dxe5 10. Bxe5 Qa5 11. Bxf6 Bxf6 12. Bc4 O-O 13. h4 Qe5 14. c3 Qxe4 15. Qd3 Qxd3 16. Rxd3 Bf5 17. Rd2 Re8 18. Nf3 Nd7 19. h5 Nb6 20. Ba6 bxc3 21. Nxc3 Bxc3 22. bxc3 Na4 23. c4 Rab8 24. Bb5 cxb5 25. c5 Nxc5 26. hxg6 fxg6 27. Ng5 Nd3+ 28. Kd1 Rbd8 29. Rxh7 Nxf2+ 0-1


[Site "https://www.chess.com"]

[Event "Titled Tuesday Blitz November 07 Early 2023"]
[White "Wartiovaara, Oliver"]
[Black "Modric, Nesa"]
[WhiteFideId "513024"]
[BlackFideId "922579"]
[WhiteElo "2544"]
[BlackElo "2149"]
[Result "1-0"]
[Round "1"]
[TimeControl "180+1"]
[Date "2023.11.07"]
[WhiteClock "0:01:04"]
[BlackClock "0:00:00"]
[Board "229"]

1. e4 d5 2. exd5 Qxd5 3. Nc3 Qa5 4. d4 c6 5. Nf3 Nf6 6. Bc4 Bf5 7. Ne5 e6 8. g4 Bg6 9. h4 Nbd7 10. Nxd7 Nxd7 11. h5 Be4 12. Rh3 Bd5 13. Bxd5 cxd5 14. Bd2 Bb4 15. h6 g6 16. a3 Bxc3 17. Rxc3 Qd8 18. Qf3 O-O 19. O-O-O Rc8 20. g5 Rxc3 21. Qxc3 Qc8 22. Qxc8 Rxc8 23. f4 Nb6 24. b3 Rc6 25. a4 Nc8 26. Bb4 Nd6 27. Bxd6 Rxd6 28. Rd3 Rc6 29. Kb2 Kf8 30. Rc3 Rxc3 31. Kxc3 Ke7 32. Kb4 Kd6 33. Kb5 Kc7 34. c4 a6+ 35. Kc5 b6+ 36. Kb4 Kc6 37. a5 dxc4 38. bxc4 bxa5+ 39. Kxa5 Kb7 40. c5 Ka7 41. c6 Kb8 42. Kxa6 Kc7 43. Kb5 Kd6 44. Kb6 1-0


[Site "https://www.chess.com"]

[Event "Titled Tuesday Blitz November 07 Early 2023"]
[White "Mihailidis, Anastasios"]
[Black "ChessDojo"]
[WhiteFideId "4205588"]
[WhiteElo "2538"]
[BlackElo "2134"]
[Result "1-0"]
[Round "1"]
[TimeControl "180+1"]
[Date "2023.11.07"]
[WhiteClock "0:00:37"]
[BlackClock "0:01:33"]
[Board "231"]

1. e4 e5 2. Nf3 Nc6 3. d4 exd4 4. Nxd4 Nf6 5. Nc3 Bb4 6. Nxc6 bxc6 7. Bd3 O-O 8. O-O d5 9. exd5 cxd5 10. Bg5 c5 11. Qf3 Bb7 12. Qf5 Qd7 13. Bxf6 Qxf5 14. Bxf5 gxf6 15. Rad1 d4 16. Ne2 Ba6 17. Bd3 c4 18. Be4 Rae8 19. Bf3 c3 20. Rxd4 Bxe2 21. Bxe2 Rxe2 22. Rxb4 Rxc2 23. bxc3 Rxc3 24. Ra4 Rc7 25. g3 Rd8 26. Re1 Rd2 27. Re8+ Kg7 28. Rg4+ Kh6 29. Reg8 Rxa2 30. Rh4# 1-0


[Site "https://www.chess.com"]